 Dungeon Crawl Stone Soup version 0.29-a0-819-g94b489e0ae (webtiles) character file.

Game seed: 12807356507214655623

17 Ayihk420 the Trooper (level 2, -2/24 HPs)
             Began as a Demonspawn Berserker on July 6, 2022.
             Was a Follower of Dithmenos.
             Killed from afar by an orc wizard (8 damage)
             ... with a magic dart
             ... on level 3 of the Dungeon.
             The game lasted 00:02:05 (528 turns).

Ayihk420 the Trooper (Demonspawn Berserker)          Turns: 528, Time: 00:02:06

Health: -2/24      AC:  2    Str: 15 (17) XL:     2   Next: 44%
Magic:  2/2        EV: 12    Int:  8      God:    Dithmenos [*.....]
Gold:   6          SH:  0    Dex: 12      Spells: 1/1 levels left

rFire   . . .      SeeInvis .     - Unarmed
rCold   . . .      Faith    .   (no shield)
rNeg    . . .      Spirit   .   a - +0 animal skin
rPois   .          Reflect  .   (no helmet)
rElec   .          Harm     .   (no cloak)
rCorr   .          Rampage  .   (no gloves)
Will    .....                   (no boots)
Stlth   +.........              (no amulet)
HPRegen 0.08/turn               (no ring)
MPRegen 0.08/turn               (no ring)

@: wreathed by umbra
A: demonic guardian 1
a: Renounce Religion


You were on level 3 of the Dungeon.
You worshipped Dithmenos.
Dithmenos was aware of your devotion.
You visited 1 branch of the dungeon, and saw 3 of its levels.

You collected 6 gold pieces.

Inventory:

Armour
 a - a +0 animal skin (worn)
Potions
 b - a potion of berserk rage {unknown}


   Skills:
 * Level 3.3 Fighting
 - Level 1.7 Armour
 * Level 2.1 Dodging
 * Level 3.0 Unarmed Combat


You had one spell level left.
You didn't know any spells.
Your spell library was empty.

Dungeon Overview and Level Annotations

Branches:
Dungeon (3/15)

Altars:
Dithmenos


Innate Abilities, Weirdness & Mutations

A weak demonic guardian rushes to your aid.


Message History

a +0 short sword; 5 stones; a kobold corpse An orc wizard comes into view.
It is wielding a +0 dagger.
The orc wizard shouts!
An orc comes into view. It is wielding a +0 hand axe.
You hit the orc wizard.
The orc wizard is moderately wounded.
The orc wizard casts a spell at you.
You are confused.
You closely miss the orc wizard. Your punch misses the orc wizard.
The orc wizard is moderately wounded.
You hit the orc but do no damage.
You bump into the rock wall.
The orc misses you.
You miss the orc. The orc hits you with a +0 hand axe.
You bump into the rock wall.
The orc misses you.
The orc wizard casts a spell.
The orc wizard flickers and vanishes!
Deactivating autopickup; reactivate with Ctrl-A.
You're too confused to move!
You feel less confused. The orc hits you with a +0 hand axe.
You barely miss the orc. The orc hits you with a +0 hand axe.
You hit the orc.
The orc is almost dead.
You hit the orc.
You kill the orc!
Dithmenos accepts your kill.
Your Unarmed Combat skill increases to level 3!
You miss something. Something hits you.
You hit something. Something hits you.
You closely miss something. Something hits you.
* * * LOW HITPOINT WARNING * * *
You closely miss something.
You hear some strange, mumbled words.
Something tries to affect you, but you resist.
You hit something. Something hits you but does no damage.
You hit something.
You hear some strange, mumbled words.
A magic dart appears from out of thin air!
The magic dart hits you!
You die...

####........#
###......#
#...<....#
#####...####
#.......#####
#...#........
#...#.#######
#.. #.# #..
#@# #. #{# #.
#.# #.# ..#
###


There were no monsters in sight!

Vanquished Creatures
  A dart slug (D:1)
  An orc (D:3)
  A bat (D:1)
  An endoplasm (D:1)
  A giant cockroach (D:1)
  A goblin (D:2)
  A hobgoblin (D:1)
  A quokka (D:2)
  3 kobolds
  A rat (D:2)
12 creatures vanquished.

Vanquished Creatures (collateral kills)
  An endoplasm (D:2)
1 creature vanquished.

Grand Total: 13 creatures vanquished

Notes
Turn   | Place    | Note
-------+----------+-------------------------------------------
     0 | D:1      | Ayihk420 the Demonspawn Berserker began the quest for the
                  | Orb.
     0 | D:1      | Reached XP level 1. HP: 18/18 MP: 1/1
   195 | D:1      | Found a faded altar of an unknown god.
   197 | D:1      | Gained mutation: A weak demonic guardian rushes to your
                  | aid. [demonic ancestry]
   197 | D:1      | Reached XP level 2. HP: 17/24 MP: 2/2
   200 | D:1      | Prayed at the altar of an unknown god.
   200 | D:1      | Fell from the grace of Trog
   200 | D:1      | Became a worshipper of Dithmenos the Shadowed
   200 | D:1      | Reached * piety under Dithmenos
   431 | D:3      | Identified the +3 chain mail "Led Rycw" {Fly Str+6}
   528 | D:3      | Killed from afar by an orc wizard

Illustrated notes

Levels and vault maps discovered:
D:1:      psy_arrival_statuary, layout_basic,
          hellmonk_ecumenical_altar_leap_of_faith, minmay_misc_feat_cross
D:2:      layout_loops_corners
D:3:      layout_basic, mainiacjoe_overflow_concentric_impassable,
          grunt_temple_overflow_diamond, nrook_mini_backslash,
          kennysheep_small_spiral, st_stairs_13, uniq_crazy_yiuf_cottage

Skill      XL: |  1  2 |
---------------+-------+-----
Dodging        | 2 |  2.1
Unarmed Combat | 3 |  3.0
Fighting       | |  3.3
Armour         | |  1.7

Action                   || total
-------------------------++-------
Melee: Unarmed           ||    46
Armor: Animal skin       ||     7
Dodge: Dodged            ||    39

Table legend: (Time is in decaauts)
 A = Elapsed time spent in this place.
 B = Non-inter-level travel time spent in this place.
 C = Inter-level travel time spent in this place.
 D = Time resting spent in this place.
 E = Time spent auto-exploring this place.
 F = Levels seen in this place.
 G = Mean time per level.
                   A        B        C        D        E       F      G
               +--------+--------+--------+--------+--------+-----+--------+
         Total |    525 |    525 |      0 |      0 |    140 |   3 |  175.0 |
       Dungeon |    525 |    525 |      0 |      0 |    140 |   3 |  175.0 |
               +--------+--------+--------+--------+--------+-----+--------+

Top non-repeatable levels by time:
     D:1: 242 daAuts
     D:2: 150 daAuts
     D:3: 133 daAuts
